 Dungeon Crawl Stone Soup version 0.29.0-13-gc9e81de378 (webtiles) character file.

Game seed: 9349714182159031902

347 browni3141 the Caller (level 6, -3/45 HPs)
             Began as a Ghoul Summoner on Sept 9, 2022.
             Was an Initiate of Kikubaaqudgha.
             Slain by a scorpion (4 damage)
             ... on level 4 of the Dungeon.
             The game lasted 00:06:59 (3570 turns).

browni3141 the Caller (Ghoul Summoner)              Turns: 3570, Time: 00:07:00

Health: -3/45      AC:  3    Str: 12    XL:     6   Next: 59%
Magic:  0/8        EV: 12    Int: 14    God:    Kikubaaqudgha [......]
Gold:   185        SH:  0    Dex:  9    Spells: 3/9 levels left

rFire   . . .      SeeInvis +   e - +0 spear
rCold   + . .      Faith    .   (no shield)
rNeg    + + +      Spirit   .   a - +0 robe
rPois   ∞          Reflect  .   (no helmet)
rElec   .          Harm     .   j - +0 cloak
rCorr   .          Rampage  .   (no gloves)
Will    .....                   (no boots)
Stlth   +++.......              k - amulet of the Firefly {Regen+ Str-2 Int+4 SInv Stlth+}
HPRegen 0.00/turn               (no ring)
MPRegen 0.11/turn               (no ring)

@: very slightly contaminated, inhibited regen
A: claws 1, cold resistance 1, negative energy resistance 3, inhibited
regeneration, torment resistance 2, devour on kill
a: Renounce Religion


You were on level 4 of the Dungeon.
You worshipped Kikubaaqudgha.
Kikubaaqudgha was noncommittal.
You visited 2 branches of the dungeon, and saw 5 of its levels.

You collected 185 gold pieces.


Innate Abilities, Weirdness & Mutations

You are immune to poison.
You have sharp fingernails.
Your flesh is cold resistant. (rC+)
You are immune to negative energy. (rN+++)
You do not regenerate when monsters are visible.
You are immune to unholy pain and torment.
You thrive by killing the living.


   Skills:
 - Level 1.7 Dodging
 - Level 2.1 Stealth
 - Level 2.0 Spellcasting
 - Level 2.0 Hexes
 * Level 6.4 Summonings


You had 3 spell levels left.
You knew the following spells:

 Your Spells              Type           Power      Damage    Failure   Level
c - Call Imp              Summ           19%        N/A       2%          2
f - Call Canine Familiar  Summ           19%        N/A       4%          3
z - Summon Small Mammal   Summ           76%        N/A       1%          1

Your spell library contained the following spells:

 Spells                   Type           Power      Damage    Failure   Level
 Summon Guardian Golem    Hex/Summ       13%        N/A       13%         3
 Summon Lightning Spire   Summ/Air       10%        N/A       54%         4

Inventory:

Hand Weapons
 e - a +0 spear (weapon)
Armour
 a - a +0 robe (worn)
 j - a +0 cloak (worn)
Magical Staves
 m - a staff of air
Jewellery
 f - an amulet of reflection
 k - the amulet of the Firefly (around neck) {Regen+ Str-2 Int+4 SInv Stlth+}
   (You found it on level 2 of the Dungeon)

   [amulet of regeneration]

   Str:       It affects your strength (-2).
   Int:       It affects your intelligence (+4).
   SInv:      It lets you see invisible.
   Regen:     It increases your rate of health regeneration.
   Stlth:     It makes you more stealthy.
Scrolls
 c - 3 scrolls of enchant weapon {unknown}
 d - 4 scrolls of identify {unknown}
 h - 2 scrolls of teleportation {unknown}
 n - 2 scrolls of vulnerability {unknown}
Potions
 b - a potion of magic
 g - 3 potions of curing {unknown}
 i - a potion of attraction {unknown}
 l - a potion of berserk rage {unknown}

Dungeon Overview and Level Annotations

Branches:
Dungeon (4/15)             Temple (1/1) D:4

Altars:
Ashenzari
Cheibriados
Dithmenos
Fedhas
Gozag
Hepliaklqana
Kikubaaqudgha
Makhleb
Okawaru
Qazlal
Ru
Sif Muna
Xom
Yredelemnul

#....##.#...###.###.#.
.....##..<..# #.# #
..# ..#.....###.# #.#
#.#.#.......###
...###.#+#......[..#
#.......¦†8.¦.##.#
#.#...........# .#
#...sr..8.>.8## #
#..###@#+......# #.#
#.#.#¦.8.¦#
#w.###...#.####
#..).#.#.#######.#
#.#..#.#.........#
#....#.###........
.###.#............ #
#.#####........ ..#
#........


You could see a scorpion (ally target) and a friendly quokka (summoned).


Message History

* * * LOW HITPOINT WARNING * * *
Your hound bites the scorpion but does no damage.
The scorpion stings your hound.
Unknown command.
You barely miss the scorpion.
The scorpion is severely wounded.
Your hound barely misses the scorpion.
The scorpion barely misses you.
Your hound barely misses the scorpion.
Unknown command.
Your hound bites the scorpion but does no damage.
The scorpion stings you.
* * * LOW HITPOINT WARNING * * *
Unknown command.
The scorpion attacks as you move away! The scorpion stings you.
* * * LOW HITPOINT WARNING * * *
Your hound bites the scorpion but does no damage.
The scorpion stings your hound.
Your hound bites the scorpion but does no damage.
Unknown command.
Casting: Call Imp (safe; 2% risk of failure)
Confirm with . or Enter, or press ? or * to list all spells.
Your hound disappears in a puff of smoke!
Unknown command.
The scorpion barely misses you.
Things that are here:
a +0 war axe of draining; an orc corpse Unknown command.
The scorpion attacks as you move away! The scorpion stings you.
You die...
Kikubaaqudgha rasps: "You have failed me!
Welcome... oblivion!"

Skill      XL: |  1  2  3  4  5  6 |
---------------+-------------------+-----
Summonings     | 4 5 6 |  6.4
Spellcasting   | 2 |  2.0
Hexes          | 1 2 |  2.0
Dodging        | |  1.7
Stealth        | |  2.1

Action                   |  1- 3 |  4- 6 || total
-------------------------+-------+-------++-------
Melee: Unarmed           |    32 |       ||    32
       Spear             |    84 |   131 ||   215
       Punch             |       |     3 ||     3
 Cast: Summon Small Mamm |    26 |     2 ||    28
       Call Imp          |     2 |     5 ||     7
       Call Canine Famil |       |    12 ||    12
 Stab: Sleeping          |     6 |     3 ||     9
Armor: Robe              |    19 |    27 ||    46
Dodge: Dodged            |    85 |    79 ||   164
Block: Other             |    12 |       ||    12

Levels and vault maps discovered:
D:1:      dpeg_arrival_connections, layout_loops_cross, minmay_small_reverse_x
D:2:      layout_loops_cross, serial_aquarium, aquarium_bridge_square
          [aquarium_subvault_wall, aquarium_subvault_bridge,
          aquarium_subvault_bridge, aquarium_subvault_wall],
          aquarium_bridge_square [aquarium_subvault_bridge,
          aquarium_subvault_window, aquarium_subvault_window,
          aquarium_subvault_wall], aquarium_window_fake, aquarium_window_fake,
          aquarium_window_corner, aquarium_view_2b, aquarium_view_2d,
          aquarium_balcony_1a, aquarium_pool_1
D:3:      layout_basic, nicolae_tso_carved_into_rock,
          hellmonk_ecumenical_altar_heavens_door, uniq_jessica
D:4:      layout_basic, mainiacjoe_overflow_brackets,
          nemelex_spade_bored_becter, minmay_temple_entry_statues_pillars,
          minmay_starry_boxes, uniq_blork_the_orc, uniq_menkaure
Temple:   lightli_temple_of_artemis

Notes
Turn   | Place    | Note
-------+----------+-------------------------------------------
     0 | D:1      | browni3141 the Ghoul Summoner began the quest for the Orb.
     0 | D:1      | Reached XP level 1. HP: 14/14 MP: 2/2
   567 | D:1      | Reached skill level 4 in Summonings
   567 | D:1      | Reached XP level 2. HP: 19/20 MP: 0/3
  1114 | D:2      | Reached XP level 3. HP: 5/26 MP: 0/4
  1485 | D:2      | Learned a level 2 spell: Call Imp
  1572 | D:2      | Identified the amulet of the Firefly {Regen+ Str-2 Int+4
                  | SInv Stlth+}
  1945 | D:2      | Reached skill level 2 in Spellcasting
  2264 | D:2      | Learned a level 3 spell: Call Canine Familiar
  2277 | D:3      | Reached XP level 4. HP: 33/33 MP: 3/6
  2307 | D:3      | Reached skill level 5 in Summonings
  2363 | D:3      | Noticed a necrophage
  2379 | D:3      | Killed a necrophage
  2380 | D:3      | Reached XP level 5. HP: 32/38 MP: 4/7
  2696 | D:3      | Reached skill level 1 in Hexes
  2831 | D:3      | Reached skill level 6 in Summonings
  3074 | D:3      | Found a faded altar of an unknown god.
  3244 | D:3      | Noticed Jessica
  3253 | D:3      | Killed Jessica
  3254 | D:3      | Reached XP level 6. HP: 45/45 MP: 4/8
  3290 | D:4      | Found a staircase to the Ecumenical Temple.
  3298 | Temple   | Entered the Ecumenical Temple
  3392 | Temple   | Became a worshipper of Kikubaaqudgha
  3439 | D:4      | Reached skill level 2 in Hexes
  3567 | D:4      | HP: 1/45 [scorpion (6)]
  3570 | D:4      | Slain by a scorpion

Vanquished Creatures
  Jessica (D:3)
  An orc wizard (D:3)
  An adder (D:2)
  4 orcs (D:3)
  4 ball pythons
  4 bats
  4 endoplasms
  2 giant cockroaches
  4 goblins
  4 hobgoblins
  A jackal (D:3)
  4 kobolds
  3 frilled lizards
  5 rats
42 creatures vanquished.

Vanquished Creatures (collateral kills)
  An ogre (D:4)
  A necrophage (D:3)
  An orc wizard (D:3)
  4 adders
  A worm (D:4)
  A dart slug (D:3)
  8 orcs
  2 goblins
  2 hobgoblins
  2 jackals
  A quokka (D:2)
  A frilled lizard (D:3)
25 creatures vanquished.

Grand Total: 67 creatures vanquished

Table legend: (Time is in decaauts)
 A = Elapsed time spent in this place.
 B = Non-inter-level travel time spent in this place.
 C = Inter-level travel time spent in this place.
 D = Time resting spent in this place.
 E = Time spent auto-exploring this place.
 F = Levels seen in this place.
 G = Mean time per level.
                   A        B        C        D        E       F      G
               +--------+--------+--------+--------+--------+-----+--------+
         Total |   3594 |   3475 |    119 |    432 |   2317 |   5 |  718.8 |
       Dungeon |   3485 |   3379 |    106 |    432 |   2237 |   4 |  871.2 |
        Temple |    108 |     95 |     13 |      0 |     80 |   1 |  108.0 |
               +--------+--------+--------+--------+--------+-----+--------+

Top non-repeatable levels by time:
     D:2: 1283 daAuts
     D:1: 1041 daAuts
     D:3: 1034 daAuts
     D:4: 125 daAuts
  Temple: 108 daAuts

Table legend:
 A = Non-vault XP
 B = Vault XP
 C = Vault XP percentage of total XP
 D = Non-vault monster count
 E = Vault monster count
 F = Vault count percentage of total count
                 A         B        C        D         E       F
            +---------+---------+-------+---------+---------+-------
      Total |     308 |     188 |  37.9 |      56 |      11 |  16.4
            +---------+---------+-------+---------+---------+-------
        D:1 |      16 |       7 |  30.4 |       9 |       4 |  30.8
        D:2 |      48 |       0 |   0.0 |      14 |       0 |   0.0
        D:3 |     240 |      37 |  13.4 |      31 |       1 |   3.1
        D:4 |       4 |     144 |  97.3 |       2 |       6 |  75.0
            +---------+---------+-------+---------+---------+-------
